 Dungeon Crawl Stone Soup version 0.30.0-10-gfe55d96785 (webtiles) character file.

Game seed: 479572694365359477

98 booth the Conjurer (level 4, 0/28 (34) HPs)
             Began as a Demonspawn Reaver on May 15, 2023.
             Slain by an orc
             ... wielding a +0 dagger
              (1 damage)
             ... on level 3 of the Dungeon.
             The game lasted 00:19:51 (3204 turns).

booth the Conjurer (Demonspawn Reaver)              Turns: 3204, Time: 00:19:51

HP:   0/28 (34)     AC:  3    Str: 15    XL:     4   Next: 44%
MP:   0/7           EV: 11    Int: 14    God:
Gold: 179           SH:  0    Dex: 11    Spells: 4/7 levels left

rFire   . . .        a - +0 hand axe
rCold   . . .        (no shield)
rNeg    . . .        b - +0 leather armour
rPois   .            (no helmet)
rElec   .            (no cloak)
rCorr   .            (no gloves)
SInv    .            (no boots)
Will    .....        (no amulet)
Stlth   +            (no ring)
HPRegen 0.24/turn    (no ring)
MPRegen 0.20/turn

%: guardian spirit
@: brilliant, flying, heavily drained
A: ignite blood 1, magic shield, magic regeneration
a: no special abilities


You were on level 3 of the Dungeon.
You visited 1 branch of the dungeon, and saw 3 of its levels.

You collected 179 gold pieces.

Inventory:

Hand Weapons
 a - a +0 hand axe (weapon)
 c - a +0 war axe
 d - a +0 mace
Missiles
 g - 2 datura-tipped darts (quivered)
Armour
 b - a +0 leather armour (worn)
 i - the +0 scale mail of Duck's Teeth {Regen+}
   (You found it on level 3 of the Dungeon)

   Regen:     It increases your rate of health regeneration.
Wands
 h - a wand of flame (21)
Scrolls
 e - a scroll of amnesia
 j - a scroll of fear
 k - a scroll of magic mapping
 n - a scroll of teleportation
Potions
 l - a potion of might


   Skills:
 + Level 2.4 Fighting
 + Level 3.0 Axes
 + Level 1.1 Armour
 + Level 2.2 Dodging
 + Level 2.4 Spellcasting
 * Level 3.8 Conjurations
 + Level 0.1 Necromancy
 + Level 0.4 Translocations


You had 4 spell levels left.
You knew the following spells:

 Your Spells              Type           Power      Damage    Failure   Level
a - Kiss of Death         Conj/Necr      40%        2d8       13%         1
b - Momentum Strike       Conj/Tloc      22%        3d8       17%         2

Your spell library contained the following spells:

 Spells                   Type           Power      Damage    Failure   Level
 Slow                     Hex            8%         N/A       28%         1
 Hailstorm                Conj/Ice       10%        3d5       36%         3
 Confusing Touch          Hex            2%         N/A       63%         3
 Vampiric Draining        Necr           3%         2d6       63%         3


Dungeon Overview and Level Annotations

Branches:
Dungeon (3/15)

Altars:


Innate Abilities, Weirdness & Mutations

Your demonic aura sometimes causes spilled blood to erupt in flames.
When hurt, damage is shared between your health and your magic reserves.
You regenerate magic rapidly.


Message History

The orc is lightly wounded.
You hit the orc but do no damage. You hit the orc.
The orc hits you but does no damage. The orc hits you with a +0 club.
The orc hits you with a +0 dagger.
You hit the orc but do no damage.
The orc is lightly wounded.
You closely miss the orc. You hit the orc but do no damage.
The orc hits you with a +0 club. The orc barely misses you.
The orc hits you with a +0 dagger.
You hit the orc but do no damage.
The orc is lightly wounded.
You barely miss the orc. You hit the orc. The orc barely misses you.
The orc closely misses you. x2
Cast which spell? (? or * to list)
Aiming: Kiss of Death (safe; 13% risk of failure)
Press: ? - help, Shift-Dir - straight line, f - orc
Aim: an orc, wielding a +0 club (severely wounded, 100% to hit)
The negative energy hits the orc!
The orc is drained!
You kill the orc!
You feel drained. The orc hits you with a +0 dagger.
The orc hits you with a +0 club.
* * * LOW HITPOINT WARNING * * *
Casting: Kiss of Death (safe; 13% risk of failure)
Confirm with . or Enter, or press ? or * to list all spells.
Okay, then.
You hit the orc.
The orc is severely wounded.
You hit the orc but do no damage. The orc hits you with a +0 dagger.
* * * LOW HITPOINT WARNING * * *
The orc hits you with a +0 club.
* * * LOW HITPOINT WARNING * * *
It was a potion of brilliance.
You feel clever all of a sudden. The orc hits you with a +0 dagger.
* * * LOW HITPOINT WARNING * * *
The orc closely misses you.
It was a potion of flight.
You feel very buoyant.
You fly up into the air.
The orc hits you with a +0 dagger.
You die...

#######.##
######...........#
#........######..#
........# #..#
.......# #..#
......# #..# .....#
#..# ##)#'####
#..## #@o.....#
#...# #.o#..###
#...### ##..#..#
#...... #...#..#
###...#.# #......#
..........
#......##..####....
###.......... #.###
#........# #.#
#.#.....# ..#


You could see 2 orcs.

Vanquished Creatures
  4 adders (D:2)
  2 worms (D:2)
  A dart slug (D:3)
  2 orcs (D:3)
  8 endoplasms
  A giant cockroach (D:3)
  6 goblins
  A hobgoblin (D:1)
  2 quokkas (D:3)
  5 ball pythons
  8 bats
  A frilled lizard (D:3)
  8 kobolds
  A rat (D:3)
50 creatures vanquished.

Vanquished Creatures (others)
  An adder (D:2)
1 creature vanquished.

Grand Total: 51 creatures vanquished

Notes
Turn   | Place    | Note
-------+----------+-------------------------------------------
     0 | D:1      | booth the Demonspawn Reaver began the quest for the Orb.
     0 | D:1      | Reached XP level 1. HP: 16/16 MP: 3/3
   208 | D:1      | Gained mutation: You regenerate magic rapidly. [demonic
                  | ancestry]
   208 | D:1      | Reached XP level 2. HP: 16/22 MP: 5/5
   295 | D:1      | Learned a level 2 spell: Momentum Strike
   977 | D:2      | Gained mutation: Your demonic aura sometimes causes spilled
                  | blood to erupt in flames. [demonic ancestry]
   977 | D:2      | Reached XP level 3. HP: 18/25 MP: 6/6
  1958 | D:2      | Reached skill level 1 in Armour
  2152 | D:2      | Gained mutation: When hurt, damage is shared between your
                  | health and your magic reserves. [demonic ancestry]
  2152 | D:2      | Reached XP level 4. HP: 17/31 MP: 7/7
  2859 | D:3      | Identified the +0 scale mail of Duck's Teeth {Regen+}
  3203 | D:3      | HP: 1/28 [orc/+0 dagger (2)]
  3204 | D:3      | Slain by an orc

Illustrated notes

Levels and vault maps discovered:
D:1:      matt_arrival_refuge, layout_loops_ring, grunt_decor_fettered
D:2:      layout_basic
D:3:      layout_basic, minmay_starry_boxes

Skill      XL: |  1  2  3 |
---------------+----------+-----
Dodging        | 2 |  2.2
Armour         | 1 |  1.1
Axes           | 3 |  3.0
Fighting       | |  2.4
Spellcasting   | |  2.4
Conjurations   | |  3.8
Necromancy     | |  0.1
Translocations | |  0.4

Action                     |  1- 3 |  4- 6 || total
---------------------------+-------+-------++-------
  Melee: Hand axe          |   105 |    69 ||   174
         Punch             |     1 |     2 ||     3
  Throw: Boomerang         |    22 |       ||    22
         Dart              |     2 |       ||     2
   Cast: Kiss of Death     |     2 |     1 ||     3
    Use: Scroll            |     2 |     5 ||     7
         Potion            |       |     3 ||     3
 Armour: Leather armour    |    47 |    25 ||    72
  Dodge: Dodged            |    69 |    59 ||   128
